 Dungeon Crawl Stone Soup version 0.27.1-2-g3b301248ec (webtiles) character file.

Game seed: 17699346727855889911

5947 pkoi the Cleaver (level 10, -24/88 HPs)
             Began as a Minotaur Gladiator on Oct 4, 2021.
             Was a Believer of Uskayaw.
             Killed from afar by a gargoyle (28 damage)
             ... with a stone arrow
             ... on level 11 of the Dungeon.
             The game lasted 00:08:49 (9475 turns).

pkoi the Cleaver (Minotaur Gladiator)               Turns: 9475, Time: 00:08:50

Health: -24/88     AC: 18    Str: 23    XL:     10   Next: 54%
Magic:  9/12       EV:  8    Int:  5    God:    Uskayaw [**....]
Gold:   474        SH:  0    Dex: 11    Spells: 9/9 levels left

rFire    . . .     SeeInvis .   a - +1 war axe
rCold    . . .     Faith    .   (no shield)
rNeg     . . .     Spirit   .   w - +0 plate armour
rPois    .         Reflect  .   c - +0 hat
rElec    .         Harm     .   o - +2 cloak
rCorr    .         Rampage  .   (no gloves)
Will     .....                  h - +0 pair of boots
Stlth    ..........             e - amulet of the acrobat
HPRegen  0.24/turn              (no ring)
MPRegen  0.13/turn              (no ring)

@: no status effects
A: horns 2, retaliatory headbutt
a: Renounce Religion, Stomp, Line Pass


You were on level 11 of the Dungeon.
You worshipped Uskayaw.
Uskayaw was noncommittal.
You visited 2 branches of the dungeon, and saw 11 of its levels.

You collected 474 gold pieces.

Inventory:

Hand Weapons
 a - a +1 war axe (weapon)
Missiles
 d - 3 throwing nets
 i - 8 boomerangs
 x - 29 poisoned darts (quivered)
Armour
 b - a +0 leather armour
 c - a +0 hat (worn)
 h - a +0 pair of boots (worn)
 o - a +2 cloak (worn)
 w - a +0 plate armour (worn)
Jewellery
 e - an amulet of the acrobat (around neck)
 j - a ring of fire
Wands
 k - a wand of polymorph (7)
 q - a wand of digging (5)
 u - a wand of mindburst (16)
 z - a wand of paralysis (11)
Scrolls
 f - 4 scrolls of teleportation
 g - 3 scrolls of torment
 p - 3 scrolls of magic mapping
 t - 2 scrolls of holy word
 y - 3 scrolls of enchant weapon
Potions
 l - 3 potions of heal wounds {unknown}
 m - 3 potions of brilliance
 n - a potion of berserk rage
 r - 2 potions of curing
 s - 2 potions of mutation {unknown}
 v - 2 potions of lignification
 A - 2 potions of flight
 B - a potion of attraction {unknown}
 D - 2 potions of haste {unknown}


   Skills:
 - Level 8.0 Fighting
 * Level 13.6 Axes
 - Level 2.0 Throwing
 + Level 8.8 Armour
 - Level 3.2 Dodging
 * Level 4.9 Invocations


You had 9 spell levels left.
You didn't know any spells.
Your spell library contained the following spells:

 Spells                   Type           Power      Damage    Failure   Level
 Corona                   Hex            0%         N/A       100%        1
 Ensorcelled Hibernation  Hex/Ice        0%         N/A       100%        2
 Gell's Gravitas          Tloc           0%         N/A       100%        3
 Teleport Other           Tloc           0%         N/A       100%        3
 Tukima's Dance           Hex            0%         N/A       100%        3
 Dispersal                Tloc           0%         N/A       100%        6


Dungeon Overview and Level Annotations

Branches:
Dungeon (9/15)             Temple (1/1) D:7            Lair (0/6) D:11
    Orc: D:9-12

Altars:
Ashenzari
Cheibriados
Dithmenos
Elyvilon
Fedhas
Gozag
Hepliaklqana
Makhleb
Nemelex Xobeh
Okawaru
Qazlal
Ru
Sif Muna
Trog
Uskayaw
Vehumet
Xom
Yredelemnul
Zin
The Shining One


Innate Abilities, Weirdness & Mutations

You have a pair of horns on your head.
You reflexively headbutt those who attack you in melee.


Message History

You can no longer pass through a line of other dancers.
The centaur warrior zombie hits you but does no damage.
The centaur warrior zombie kicks you but does no damage.
The gargoyle hits you with a +0 mace!
* * * LOW HITPOINT WARNING * * *
You can now pass through a line of other dancers.
Unknown command.
Unknown command.
You hit the gargoyle but do no damage.
You headbutt the gargoyle, but do no damage.
The gargoyle is severely damaged.
You hit the centaur warrior zombie.
The centaur warrior zombie barely misses you.
The centaur warrior zombie kicks you.
* * * LOW HITPOINT WARNING * * *
The gargoyle hits you with a +0 mace.
* * * LOW HITPOINT WARNING * * *
You hit the gargoyle but do no damage.
You headbutt the gargoyle, but do no damage.
The gargoyle is severely damaged.
You slash the centaur warrior zombie!
The centaur warrior zombie hits you but does no damage.
The centaur warrior zombie kicks you but does no damage.
Unknown command.
Your plate armour prevents you from hitting the gargoyle.
You headbutt the gargoyle, but do no damage.
The gargoyle is severely damaged.
You slash the centaur warrior zombie!
The centaur warrior zombie hits you but does no damage.
The centaur warrior zombie kicks you but does no damage.
The gargoyle hits you with a +0 mace.
* * * LOW HITPOINT WARNING * * *
You closely miss the gargoyle.
The gargoyle is severely damaged.
You hit the centaur warrior zombie.
The centaur warrior zombie hits you but does no damage.
The centaur warrior zombie kicks you but does no damage.
The gargoyle hurls a stone arrow at you.
The stone arrow hits you!!
You die...

### #..#.# ..
...#.# .....#.# .#
...#. .#.##.## .+
##...## ......
.###...PP## #
#.##.# .##....PPP#
#.#.##.#
..#....PPP#
+c9@...#
.....PPPPP#
#.#Z####
......PPPP# ......
........PP#..#.####
.#..P...PP#+ #.
.#.PP..>.P# #
###.PP...P#
.##..P...P#
..##PP...##


You could see a gargoyle, a centaur and a centaur warrior zombie.

Vanquished Creatures
  A manticore (D:11)
  Psyche (D:8)
  A komodo dragon (D:11)
  3 trolls
  A hornet (D:6)
  A slime creature (D:6)
  10 yaks
  Eustachio (D:5)
  An orc warrior (D:8)
  2 sky beasts
  A necrophage (D:6)
  An ice beast (D:5)
  A hornet zombie (D:8)
  4 ogres
  2 centaurs (D:8)
  3 bullfrogs
  A gnoll sergeant (D:4)
  2 scorpions
  A water moccasin zombie (D:7)
  2 howler monkeys (D:7)
  2 bullfrog zombies (D:5)
  3 centaur zombies
  7 jellies
  2 hounds
  2 orc priests
  A bullfrog skeleton (D:5)
  A centaur skeleton (D:6)
  Ijyb (D:3)
  Terence (D:3)
  2 iguanas
  2 orc wizards
  A killer bee zombie (D:8)
  A hound skeleton (D:5)
  3 gnolls
  7 adders
  2 white imps
  An adder skeleton (D:4)
  A worm (D:2)
  A dart slug (D:1)
  14 orcs
  17 endoplasms
  4 giant cockroaches
  4 goblins
  5 hobgoblins
  5 jackals
  6 ball pythons
  5 bats
  7 kobolds
  4 rats
152 creatures vanquished.

Vanquished Creatures (others)
  A butterfly (D:3)
  8 fungi (D:6)
  23 plants (D:11)
32 creatures vanquished.

Grand Total: 184 creatures vanquished

Notes
Turn   | Place    | Note
-------+----------+-------------------------------------------
     0 | D:1      | pkoi the Minotaur Gladiator began the quest for the Orb.
     0 | D:1      | Reached XP level 1. HP: 18/18 MP: 0/0
   130 | D:1      | Reached skill level 4 in Axes
   637 | D:1      | Reached XP level 2. HP: 25/25 MP: 1/1
   906 | D:2      | Found a faded altar of an unknown god.
  1074 | D:2      | You fall into a shaft and drop 1 floor!
  1075 | D:3      | Found a basalt altar of Yredelemnul.
  1094 | D:4      | Noticed a scorpion
  1099 | D:4      | Killed a scorpion
  1100 | D:4      | Reached skill level 6 in Axes
  1100 | D:4      | Reached XP level 3. HP: 17/30 MP: 2/2
  1100 | D:4      | Reached XP level 4. HP: 21/37 MP: 3/3
  1399 | D:4      | Reached skill level 7 in Axes
  1399 | D:4      | Reached XP level 5. HP: 13/42 MP: 4/4
  1621 | D:4      | Noticed an ogre
  1629 | D:4      | Killed an ogre
  1630 | D:4      | Reached skill level 1 in Armour
  1757 | D:4      | Reached XP level 6. HP: 41/51 MP: 5/5
  2062 | D:4      | Found a radiant altar of Vehumet.
  3237 | D:3      | Noticed Ijyb
  3244 | D:3      | Killed Ijyb
  3375 | D:3      | Noticed Terence
  3380 | D:3      | Killed Terence
  3390 | D:3      | Reached skill level 8 in Axes
  3480 | D:3      | Found a white marble altar of Elyvilon.
  3685 | D:5      | Entered Level 5 of the Dungeon
  3939 | D:5      | Reached XP level 7. HP: 57/59 MP: 6/6
  4247 | D:5      | Found a snail-covered altar of Cheibriados.
  4379 | D:5      | Reached skill level 9 in Axes
  4437 | D:5      | Reached skill level 5 in Fighting
  4540 | D:5      | Identified the +1 robe "Kuajaom" {rElec MP+9 Dex+5}
  4553 | D:5      | Reached XP level 8. HP: 68/68 MP: 7/7
  4568 | D:5      | Noticed Eustachio
  4583 | D:5      | Killed Eustachio
  4967 | D:6      | Reached skill level 10 in Axes
  5013 | D:6      | Found an opulent altar of Gozag.
  5033 | D:6      | Reached skill level 5 in Armour
  5082 | D:6      | Noticed a troll
  5089 | D:6      | Killed a troll
  5432 | D:6      | Noticed a slime creature
  5642 | D:6      | Reached skill level 11 in Axes
  5654 | D:6      | Reached XP level 9. HP: 16/78 MP: 8/8
  6740 | D:6      | Found a blossoming altar of Fedhas.
  6768 | D:6      | Paralysed by a hornet for 2 turns
  6771 | D:6      | Reached skill level 12 in Axes
  7679 | D:7      | Found a sparkling altar of Nemelex Xobeh.
  7703 | D:7      | Found a staircase to the Ecumenical Temple.
  7717 | Temple   | Entered the Ecumenical Temple
  7768 | Temple   | Became a worshipper of Uskayaw the Reveller
  7909 | D:7      | You fall into a shaft and drop 1 floor!
  7994 | D:8      | Reached * piety under Uskayaw
  8000 | D:8      | Reached ** piety under Uskayaw
  8003 | D:8      | Reached *** piety under Uskayaw
  8004 | D:8      | Reached skill level 1 in Invocations
  8136 | D:8      | Reached **** piety under Uskayaw
  8138 | D:8      | Reached XP level 10. HP: 63/88 MP: 8/10
  8140 | D:8      | Reached ***** piety under Uskayaw
  8142 | D:8      | Reached skill level 13 in Axes
  8667 | D:8      | Noticed Psyche
  8674 | D:8      | Killed Psyche
  8765 | D:9      | You fall into a shaft and drop 2 floors!
  8765 | D:11     | Found a staircase to the Lair.
  8779 | D:11     | HP: 2/88 [komodo dragon (20)]
  9337 | D:11     | Noticed a gargoyle
  9337 | D:11     | Noticed a manticore
  9337 | D:11     | Noticed a cyan ugly thing
  9350 | D:11     | Killed a manticore
  9350 | D:11     | Noticed a boulder beetle
  9474 | D:11     | HP: 4/88 [gargoyle (3)]
  9475 | D:11     | Killed from afar by a gargoyle

Illustrated notes

Levels and vault maps discovered:
D:1:      lemuel_arrival_muddy, layout_loops_ring
D:2:      layout_basic, shapermc_ecumenical_altar_totnotflames
D:3:      layout_basic, nicolae_overflow_hidden_temple,
          nicolae_elyvilon_peaceful_grove, minmay_three_crescents, uniq_ijyb,
          uniq_terence
D:4:      layout_basic, lemuel_round_altar, minmay_fractal_squares_gapless_5
D:5:      layout_cave_pools, mainiacjoe_overflow_catwalk, dk_rats_in_the_wall,
          uniq_eustachio
D:6:      lemuel_slime, layout_rooms, mainiacjoe_overflow_brackets,
          nicolae_overflow_crystal_walls, serial_co_window_serial,
          co_window_paths_a, co_window_paths_a, co_window_corner_a,
          co_window_corner_a, co_window_paths_b, co_window_paths_b,
          co_window_corner_a, co_window_corner_cb, co_window_of_opportunity_b,
          co_window_paths_c, co_window_corner_b, co_window_paths_e,
          minmay_misc_feat_iff
D:7:      cheibrodos_quashed, layout_loops_ring, lemuel_tele_altar,
          minmay_temple_entry_slanted, columned_hall_lemuel
D:8:      layout_basic, uniq_psyche
D:9:      hangedman_cross_stitches, layout_basic,
          nicolae_wu_jian_immortal_techniques, mainiacjoe_overflow_alcove_2
D:11:     evilmike_library_of_no_secrets, layout_basic, david_lair_shrubbed,
          minmay_alternating_orb, uniq_gastronok
Temple:   cyrus_circular_temple

Skill      XL: |  1  2  3  4  5  6  7  8  9 10 |
---------------+-------------------------------+-----
Axes           | 4 6 7 8 9 11 12 13 | 13.6
Armour         | 1 3 4 6 8 |  8.8
Fighting       | 3 4 5 6 8 |  8.0
Invocations    | 2 4 |  4.9
Throwing       | |  2.0
Dodging        | |  3.2

Action                   |  1- 3 |  4- 6 |  7- 9 | 10-12 || total
-------------------------+-------+-------+-------+-------++-------
Melee: War axe           |    34 |    96 |   213 |    76 ||   419
       Headbutt          |     3 |    13 |    41 |    19 ||    76
Invok: Stomp             |       |       |       |     1 ||     1
  Use: Scroll            |       |     4 |     8 |     2 ||    14
       Potion            |       |     1 |       |       ||     1
 Stab: Paralysed         |       |       |     1 |     1 ||     2
Armor: Leather armour    |     7 |    20 |    33 |       ||    60
       Plate armour      |       |       |    25 |    60 ||    85
Dodge: Dodged            |    24 |    76 |   111 |    47 ||   258
